 Seeded DCSS version 0.28.0-62-gf88900778d (webtiles) character file.

Game seed: 13591998346360536447 (custom seed)

45 Psyclone the Conjurer (level 3, -2/19 HPs)
             Began as a Deep Elf Conjurer on Oct 17, 2023.
             Slain by an iguana (6 damage)
             ... on level 6 of the Dungeon.
             The game lasted 00:00:58 (797 turns).

Psyclone the Conjurer (Deep Elf Conjurer)            Turns: 797, Time: 00:00:59

Health: -2/19      AC:  5    Str:  6    XL:     3   Next: 42%
Magic:  1/9        EV: 12    Int: 32    God:
Gold:   3882       SH:  0    Dex: 13    Spells: 5/8 levels left

rFire   x . .      SeeInvis .   b - +0 dagger
rCold   . . .      Faith    .   (no shield)
rNeg    . . .      Spirit   .   a - +0 robe
rPois   +          Reflect  .   (no helmet)
rElec   .          Harm     .   e - +2 cloak of the Hidden Vale {rPois rF- Str+2 Int+8}
rCorr   .          Rampage  .   (no gloves)
Will    .....                   (no boots)
Stlth   ++........              (no amulet)
HPRegen 0.06/turn               (no ring)
MPRegen 0.11/turn               (no ring)

@: no status effects
A: no striking features
a: no special abilities


You were on level 6 of the Dungeon.
You visited 1 branch of the dungeon, and saw 5 of its levels.

You collected 3882 gold pieces.

Inventory:

Hand Weapons
 b - a +0 dagger (weapon)
Armour
 a - a +0 robe (worn)
 e - the +2 cloak of the Hidden Vale (worn) {rPois rF- Str+2 Int+8}
   (You acquired it on level 4 of the Dungeon)

   Str:       It affects your strength (+2).
   Int:       It affects your intelligence (+8).
   rF:        It makes you vulnerable to fire.
   rPois:     It protects you from poison.
Scrolls
 c - a scroll of amnesia {unknown}
 d - 3 scrolls of identify {@r1}


   Skills:
 - Level 2.4 Dodging
 - Level 2.4 Stealth
 - Level 3.0 Spellcasting
 + Level 5.8 Conjurations


You had 5 spell levels left.
You knew the following spells:

 Your Spells              Type           Power      Damage    Failure   Level
a - Magic Dart            Conj           100%       1d8       1%          1
b - Searing Ray           Conj           84%        2d7       1%          2

Your spell library contained the following spells:

 Spells                   Type           Power      Damage    Failure   Level
 Static Discharge         Conj/Air       23%        N/A       3%          2
 Dazzling Flash           Conj/Hex       46%        N/A       6%          3
 Sublimation of Blood     Necr           4%         N/A       10%         2
 Wereblood                Tmut           4%         N/A       10%         2
 Fulminant Prism          Conj/Hex       11%        3d9       19%         4
 Iskenderun's Mystic Bla  Conj/Tloc      23%        2d6       19%         4
 Sticky Flame             Conj/Fire      23%        2d4       19%         4
 Dispel Undead            Necr           4%         3d7       52%         4
 Summon Hydra             Summ           2%         N/A       100%        7


Dungeon Overview and Level Annotations

Branches:
Dungeon (4/15)
 Temple: D:4-7

Altars:
The Shining One


Message History

Casting: Magic Dart (safe; 1% risk of failure)
Confirm with . or Enter, or press ? or * to list all spells.
Aiming: Magic Dart (safe; 1% risk of failure)
Press: ? - help, Shift-Dir - straight line, f/p - iguana
Aim: an iguana (moderately wounded, 100% to hit)
The magic dart hits the iguana but does no damage.
The iguana is moderately wounded.
The iguana closely misses you.
You now have 0/9 mp.
Found 16 gold pieces.
You see here 16 gold pieces.
A gnoll comes into view. It is wielding a +0 flail.
A gnoll shaman and a gnoll come into view.
The gnoll shaman shouts!
You hear a shout!
The gnoll shouts!
You hear a shout!
Casting: Magic Dart (safe; 1% risk of failure)
Confirm with . or Enter, or press ? or * to list all spells.
Aiming: Searing Ray (safe; 1% risk of failure)
Press: ? - help, Shift-Dir - straight line, f/p - iguana
Aim: an iguana (moderately wounded, 84% to hit)
The searing ray hits the iguana.
The iguana is heavily wounded. (Press . to maintain the ray.)
The iguana barely misses you.
You now have 1/9 mp.
The searing ray hits the iguana.
The iguana is severely wounded.
The iguana closely misses you.
A gnoll comes into view. It is wielding a +0 spear.
You now have 0/9 mp.
Without enough magic to sustain it, your searing ray dissipates.
A gnoll comes into view. It is wielding a +0 spear.
The iguana closely misses you.
You hit the iguana but do no damage.
The iguana is severely wounded.
The gnoll throws a throwing net.
The throwing net misses you.
The iguana bites you but does no damage.
You barely miss the iguana.
The iguana is severely wounded.
The iguana bites you.
You die...

......####..>.# ##.....#
........#.....###..$...#
..##....).....##...##..#
####.............###...##
# #............####.gg.#
#............###..##..#
#.....###....#...## ..#
#....### #.....l.## #..g
#....# ##...@..# g.g.
.....## #........g......
..... #......#......
........#####g..
...##...# .# ## #...# #
#...# ....#


You could see a gnoll shaman, an iguana and 3 gnolls.

Vanquished Creatures
  2 hound skeletons (D:4)
  A worm (D:2)
  A dart slug (D:4)
  3 endoplasms
  3 jackals (D:1)
  A kobold (D:1)
  2 ball pythons
  3 rats
16 creatures vanquished.

Notes
Turn   | Place    | Note
-------+----------+-------------------------------------------
     0 | D:1      | Psyclone the Deep Elf Conjurer began the quest for the Orb.
     0 | D:1      | Reached XP level 1. HP: 10/10 MP: 6/6
   178 | D:2      | Reached XP level 2. HP: 15/15 MP: 6/8
   181 | D:2      | Learned a level 2 spell: Searing Ray
   211 | D:2      | Reached skill level 5 in Conjurations
   273 | D:2      | Identified 3 scrolls of acquirement
   286 | D:3      | Found a glowing golden altar of the Shining One.
   337 | D:4      | Acquired the +2 cloak of the Hidden Vale {rPois rF- Str+2
                  | Int+8}
   340 | D:4      | Acquired 1255 gold pieces
   346 | D:4      | Acquired 1352 gold pieces
   357 | D:4      | Acquired 1218 gold pieces
   409 | D:4      | Reached XP level 3. HP: 3/19 MP: 1/9
   714 | D:4      | You fall into a shaft and drop 2 floors!
   797 | D:6      | Slain by an iguana

Illustrated notes

Levels and vault maps discovered:
D:1:      wander_arrival_fairy_ring, layout_basic, chequers_serial_rivers_room_a
D:2:      layout_loops_ring, shapermc_ecumenical_altar_venn, uniq_natasha
D:3:      layout_loops_ring, mainiacjoe_overflow_chevrons,
          gammafunk_ghost_arena, hangedman_glass_teeth
D:4:      layout_basic, nicolae_hepliaklqana_monster_ancestors,
          due_unseen_surprise
D:6:      layout_layer_cave, minmay_temple_entry_hall

Skill      XL: |  1  2 |
---------------+-------+-----
Conjurations   | 5 |  5.8
Dodging        | |  2.4
Stealth        | |  2.4
Spellcasting   | |  3.0

Action                   || total
-------------------------++-------
Melee: Dagger            ||    21
       Punch             ||     1
 Cast: Magic Dart        ||    38
       Searing Ray       ||     2
  Use: Scroll            ||     5
Armor: Robe              ||     8
Dodge: Dodged            ||    17
